2648 views
Uploaded 2021-01-01 07:56:01
Game version 1.32.9
42:42 long 1on1 ladder game on (2)ConcealedHill
Saved by xzz
2648 views
Uploaded 2021-01-01 07:56:01
Game version 1.32.9
42:42 long 1on1 ladder game on (2)ConcealedHill

39 units @ 4.9k
/ 0.9k
91 buildings @ 5.6k
/ 2.8k

| Scroll of Regeneration | 8 | 800 |
| Lesser Clarity Potion | 4 | 280 |
| Mechanical Critter | 8 | 400 |
| Ivory Tower | 17 | 680 |
| Staff of Teleportation | 1 | 150 |
| Boots of Speed | 1 | 250 |
| Potion of Invisibility | 2 | 200 |
| total: | 41 | 2760g |
| Peasant | 13 | 975 | / | 0 |
| Footman | 4 | 540 | / | 0 |
| Mortar Team | 5 | 900 | / | 350 |
| Sorceress | 6 | 930 | / | 120 |
| Flying Machine | 9 | 900 | / | 270 |
| Goblin Shredder | 1 | 375 | / | 100 |
| Goblin Zeppelin | 1 | 240 | / | 60 |
| total: | 39 | 4860g | / | 900w |
| Scout Tower | 62 | 1860 | / | 1240 |
| Arcane Tower | 10 | 700 | / | 500 |
| Guard Tower | 20 | 1400 | / | 1000 |
| Altar of Kings | 1 | 180 | / | 50 |
| Farm | 13 | 1040 | / | 260 |
| Barracks | 1 | 160 | / | 60 |
| Lumber Mill | 1 | 120 | / | 0 |
| Arcane Vault | 6 | 780 | / | 180 |
| Blacksmith | 1 | 140 | / | 60 |
| Town Hall | 2 | 770 | / | 410 |
| Cannon Tower | 8 | 960 | / | 800 |
| Workshop | 3 | 420 | / | 420 |
| Arcane Sanctum | 1 | 150 | / | 140 |
| Keep | 1 | 320 | / | 210 |
| Castle | 1 | 360 | / | 210 |
| total: | 91 | 5620g | / | 2820w |
| 0:06 | Altar of Kings |
| 0:09 | Farm |
| 0:13 | Peasant |
| 0:13 | Peasant |
| 0:38 | Scout Tower |
| 0:42 | Peasant |
| 0:48 | Farm |
| 0:51 | Peasant |
| 1:03 | Barracks |
| 1:10 | Peasant |
| 1:29 | Peasant |
| 1:38 | Peasant |
| 1:48 | Arcane Tower |
| 1:55 | Peasant |
| 2:06 | Scout Tower |
| 2:11 | Lumber Mill |
| 2:14 | Footman |
| 2:18 | Flame Strike |
| 2:24 | Arcane Vault |
| 2:34 | Peasant |
| 2:37 | Footman |
| 2:45 | Peasant |
| 3:21 | Farm |
| 3:26 | Peasant |
| 3:28 | Guard Tower |
| 3:43 | Scroll of Regeneration |
| 3:43 | Lesser Clarity Potion |
| 3:46 | Mechanical Critter |
| 3:56 | Footman |
| 3:59 | Farm |
| 4:13 | Staff of Teleportation |
| 4:43 | Peasant |
| 4:43 | Peasant |
| 5:09 | Boots of Speed |
| 5:20 | Scout Tower |
| 5:23 | Scout Tower |
| 5:26 | Footman |
| 5:55 | Guard Tower |
| 6:02 | Scout Tower |
| 6:33 | Arcane Tower |
| 6:37 | Scout Tower |
| 6:38 | Keep |
| 6:40 | Scroll of Regeneration |
| 6:41 | Lesser Clarity Potion |
| 6:50 | Scout Tower |
| 6:54 | Scout Tower |
| 7:35 | Arcane Tower |
| 7:37 | Guard Tower |
| 7:41 | Blacksmith |
| 7:54 | Scout Tower |
| 7:55 | Scout Tower |
| 7:55 | Scout Tower |
| 7:56 | Scout Tower |
| 7:56 | Scout Tower |
| 8:06 | Siphon Mana |
| 8:07 | Scroll of Regeneration |
| 8:08 | Lesser Clarity Potion |
| 8:20 | Guard Tower |
| 8:23 | Scout Tower |
| 8:26 | Guard Tower |
| 8:27 | Arcane Tower |
| 8:28 | Guard Tower |
| 8:51 | Guard Tower |
| 9:48 | Scout Tower |
| 9:48 | Scout Tower |
| 9:48 | Scout Tower |
| 9:54 | Workshop |
| 9:58 | Workshop |
| 10:03 | Scout Tower |
| 10:06 | Farm |
| 10:10 | Guard Tower |
| 10:15 | Guard Tower |
| 10:16 | Arcane Tower |
| 10:17 | Guard Tower |
| 10:31 | Scroll of Regeneration |
| 10:32 | Lesser Clarity Potion |
| 11:21 | Town Hall |
| 11:45 | Flame Strike |
| 12:01 | Arcane Vault |
| 12:03 | Scout Tower |
| 12:05 | Scout Tower |
| 12:06 | Scout Tower |
| 12:08 | Scout Tower |
| 12:09 | Scout Tower |
| 12:10 | Scout Tower |
| 12:10 | Scout Tower |
| 12:11 | Scout Tower |
| 12:44 | Scroll of Regeneration |
| 12:53 | Mortar Team |
| 12:56 | Mortar Team |
| 13:31 | Goblin Shredder |
| 13:43 | Mortar Team |
| 13:49 | Farm |
| 13:52 | Farm |
| 14:01 | Scroll of Regeneration |
| 14:09 | Improved Masonry |
| 14:39 | Cannon Tower |
| 14:42 | Arcane Tower |
| 14:46 | Scout Tower |
| 14:46 | Scout Tower |
| 14:49 | Scout Tower |
| 14:50 | Scout Tower |
| 14:52 | Scout Tower |
| 14:55 | Scout Tower |
| 14:57 | Scout Tower |
| 14:58 | Scout Tower |
| 15:33 | Siphon Mana |
| 15:46 | Potion of Invisibility |
| 15:57 | Arcane Tower |
| 15:59 | Guard Tower |
| 16:04 | Black Gunpowder |
| 16:05 | Advanced Masonry |
| 16:14 | Potion of Invisibility |
| 16:23 | Flare |
| 16:26 | Castle |
| 17:12 | Arcane Sanctum |
| 17:33 | Refined Gunpowder |
| 17:40 | Scroll of Regeneration |
| 18:50 | Scout Tower |
| 18:51 | Scout Tower |
| 18:52 | Scout Tower |
| 18:52 | Scout Tower |
| 18:56 | Scout Tower |
| 18:57 | Scout Tower |
| 18:57 | Scout Tower |
| 18:58 | Scout Tower |
| 19:03 | Town Hall |
| 19:05 | Scout Tower |
| 19:07 | Scout Tower |
| 19:08 | Scout Tower |
| 19:09 | Scout Tower |
| 19:12 | Scout Tower |
| 19:12 | Scout Tower |
| 19:12 | Scout Tower |
| 19:13 | Scout Tower |
| 19:14 | Scout Tower |
| 19:15 | Scout Tower |
| 19:15 | Scout Tower |
| 19:16 | Scout Tower |
| 19:17 | Scout Tower |
| 19:18 | Scout Tower |
| 19:19 | Scout Tower |
| 19:19 | Scout Tower |
| 19:20 | Scout Tower |
| 19:21 | Scout Tower |
| 19:43 | Fragmentation Shards |
| 19:44 | Flak Cannons |
| 19:47 | Workshop |
| 19:58 | Guard Tower |
| 20:16 | Scroll of Regeneration |
| 20:22 | Studded Leather Armor |
| 20:25 | Sorceress Adept Training |
| 20:26 | Sorceress |
| 20:26 | Sorceress |
| 20:29 | Mortar Team |
| 20:32 | Mortar Team |
| 20:48 | Guard Tower |
| 20:51 | Arcane Tower |
| 21:39 | Sorceress Master Training |
| 21:40 | Magic Sentry |
| 21:44 | Cannon Tower |
| 21:49 | Cannon Tower |
| 23:19 | Arcane Tower |
| 23:21 | Arcane Tower |
| 23:26 | Guard Tower |
| 23:30 | Cannon Tower |
| 24:04 | Ivory Tower |
| 24:05 | Ivory Tower |
| 24:13 | Cannon Tower |
| 24:15 | Cannon Tower |
| 24:28 | Goblin Zeppelin |
| 25:01 | Scout Tower |
| 25:07 | Scout Tower |
| 25:12 | Cannon Tower |
| 26:13 | Arcane Vault |
| 26:24 | Ivory Tower |
| 26:24 | Ivory Tower |
| 27:22 | Arcane Vault |
| 27:23 | Arcane Vault |
| 27:24 | Arcane Vault |
| 27:32 | Ivory Tower |
| 27:32 | Ivory Tower |
| 28:11 | Ivory Tower |
| 28:12 | Ivory Tower |
| 28:53 | Iron Plating |
| 28:53 | Imbued Gunpowder |
| 30:16 | Ivory Tower |
| 30:16 | Ivory Tower |
| 30:22 | Ivory Tower |
| 30:22 | Ivory Tower |
| 32:01 | Guard Tower |
| 32:05 | Steel Plating |
| 32:07 | Imbued Masonry |
| 32:21 | Cannon Tower |
| 32:24 | Guard Tower |
| 32:27 | Guard Tower |
| 33:13 | Guard Tower |
| 33:20 | Farm |
| 33:21 | Farm |
| 33:22 | Farm |
| 33:22 | Farm |
| 33:22 | Farm |
| 33:23 | Farm |
| 33:47 | Ivory Tower |
| 33:47 | Ivory Tower |
| 33:57 | Ivory Tower |
| 33:57 | Ivory Tower |
| 34:02 | Ivory Tower |
| 35:31 | Guard Tower |
| 35:33 | Guard Tower |
| 36:09 | Flying Machine |
| 36:11 | Flying Machine Bombs |
| 36:13 | Flying Machine |
| 36:33 | Flying Machine |
| 36:33 | Flying Machine |
| 36:34 | Flying Machine |
| 36:34 | Flying Machine |
| 36:34 | Flying Machine |
| 36:34 | Flying Machine |
| 36:36 | Flying Machine |
| 36:38 | Mithril Plating |
| 37:27 | Sorceress |
| 37:28 | Sorceress |
| 38:52 | Sorceress |
| 38:52 | Sorceress |
| 40:51 | Mechanical Critter |
| 40:51 | Mechanical Critter |
| 41:15 | Mechanical Critter |
| 41:16 | Mechanical Critter |
| 41:30 | Mechanical Critter |
| 41:30 | Mechanical Critter |
| 41:32 | Mechanical Critter |
| 42:13 | Flame Strike |
| Right click | 1046 |
| Select | 576 |
| Build/train/purchase | 186 |
| Select group | 113 |
| Use ability | 84 |
| Misc. action | 27 |
| Assign group | 15 |
| Item give/drop | 11 |
| Esc | 3 |
14 units @ 1.8k
/ 0.1k
9 buildings @ 1.5k
/ 0.4k


| Healing Salve | 4 | 400 |
| Lesser Clarity Potion | 1 | 70 |
| total: | 5 | 470g |
| Peon | 8 | 600 | / | 0 |
| Grunt | 3 | 600 | / | 0 |
| Demolisher | 1 | 220 | / | 50 |
| Kodo Beast | 1 | 255 | / | 60 |
| Troll Headhunter | 1 | 140 | / | 20 |
| total: | 14 | 1815g | / | 130w |
| Altar of Storms | 1 | 180 | / | 50 |
| Orc Burrow | 4 | 640 | / | 160 |
| Barracks | 1 | 180 | / | 50 |
| Voodoo Lounge | 1 | 130 | / | 30 |
| War Mill | 1 | 205 | / | 0 |
| Beastiary | 1 | 145 | / | 140 |
| Stronghold | 1 | 315 | / | 190 |
| Fortress | 1 | 325 | / | 190 |
| total: | 9 | 1480g | / | 430w |
| 0:01 | Peon |
| 0:02 | Peon |
| 0:06 | Altar of Storms |
| 0:20 | Orc Burrow |
| 0:28 | Peon |
| 0:33 | Barracks |
| 0:45 | Peon |
| 1:07 | Peon |
| 1:14 | Peon |
| 1:14 | Peon |
| 1:15 | Peon |
| 1:34 | Grunt |
| 1:48 | Voodoo Lounge |
| 2:09 | Serpent Ward |
| 2:24 | Stronghold |
| 2:41 | Orc Burrow |
| 2:58 | Healing Salve |
| 3:19 | Healing Salve |
| 3:35 | Grunt |
| 3:46 | War Mill |
| 3:57 | Orc Burrow |
| 4:11 | Healing Wave |
| 4:15 | Healing Salve |
| 4:45 | Grunt |
| 5:19 | Berserker Strength |
| 6:48 | Fortress |
| 6:51 | Demolisher |
| 6:56 | Beastiary |
| 7:22 | Critical Strike |
| 7:49 | Serpent Ward |
| 8:01 | Kodo Beast |
| 8:09 | Orc Burrow |
| 8:13 | Reinforced Defenses |
| 8:14 | Healing Salve |
| 8:22 | Lesser Clarity Potion |
| 8:27 | Troll Headhunter |
| 8:56 | Steel Armor |
| Right click | 322 |
| Select | 183 |
| Build/train/purchase | 31 |
| Use ability | 30 |
| Assign group | 1 |
| Select group | 1 |